 Dungeon Crawl Stone Soup version 0.29-a0-838-g385bb11a5b (webtiles) character file.

Game seed: 7226371762740198460

74 lesaewzxc the Sneak (level 4, -6/27 (34) HPs)
             Began as a Meteoran Brigand on July 13, 2022.
             Was a Follower of Fedhas.
             Mangled by a water moccasin (9 damage)
             ... on level 4 of the Dungeon.
             The game lasted 00:11:01 (1160 turns).

lesaewzxc the Sneak (Meteoran Brigand)              Turns: 1160, Time: 00:11:01

HP:   -6/27 (34)    AC:  3    Str: 14    XL:     4   Next: 82%
MP:   5/5           EV: 12    Int: 13    God:    Fedhas [*.....]
Gold: 51            SH:  0    Dex: 17    Spells: 3/3 levels left

rFire   + . .      SeeInvis .   s - +7 rapier of Recklessness {vamp, *Corrode rPois Dex+2}
rCold   + . .      Faith    .   (no shield)
rNeg    + . .      Spirit   .   k - +2 leather armour {rN+}
rPois   +          Reflect  .   (helmet restricted)
rElec   .          Harm     .   c - +1 cloak
rCorr   .          Rampage  .   (no gloves)
Will    .....                   (no boots)
Stlth   +.........              (no amulet)
HPRegen 0.09/turn               r - ring of protection from cold
MPRegen 0.09/turn               (no ring)

@: corroded, glowing, heavily drained
A: sense surroundings 1, otherworldly, glowing, explore regen, antennae 1, beak,
fire resistance 1, frail 1
a: Renounce Religion


You were on level 4 of the Dungeon.
You worshipped Fedhas.
Fedhas was aware of your devotion.
You visited 1 branch of the dungeon, and saw 4 of its levels.

You collected 51 gold pieces.

Inventory:

Hand Weapons
 a - a +2 dagger
 j - a +1 hand axe of freezing
 q - a +1 short sword of electrocution
 s - the +7 rapier of Recklessness (weapon) {vamp, *Corrode rPois Dex+2}
   (You found it on level 3 of the Dungeon)

   It occasionally heals its wielder for a portion of the damage dealt when it
   wounds a living foe.
   Dex:       It affects your dexterity (+2).
   rPois:     It protects you from poison.
   *Corrode:  It may corrode you when you take damage.
Missiles
 d - 22 poisoned darts (quivered)
 e - 3 curare-tipped darts
Armour
 b - a +0 robe
 c - a +1 cloak (worn)
 k - a +2 leather armour of positive energy (worn)
Jewellery
 r - a ring of protection from cold (left hand)
Scrolls
 h - a scroll of vulnerability
 i - 2 scrolls of identify
 o - a scroll of enchant armour
 p - a scroll of magic mapping {unknown}
Potions
 f - a potion of curing {unknown}
 g - a potion of lignification
 l - a potion of berserk rage {unknown}
 m - a potion of flight {unknown}
 n - a potion of mutation
 t - a potion of resistance {unknown}


   Skills:
 * Level 3.0 Fighting
 * Level 2.4 Short Blades
 - Level 1.8 Axes
 + Level 3.0 Throwing
 * Level 2.3 Dodging
 + Level 3.2 Stealth


You had 3 spell levels left.
You didn't know any spells.
Your spell library was empty.

Dungeon Overview and Level Annotations

Branches:
Dungeon (4/15) Zot: 1419
 Temple: D:4-7

Altars:
Fedhas
Gozag

Shops:
D:2 =


Innate Abilities, Weirdness & Mutations

You passively map a small area around you.
You are easily found by Zot.
You glow in the dark.
You regain HP and MP as you explore.
You have a pair of small antennae on your head.
You have a beak for a mouth.
Your flesh is heat resistant. (rF+)
You are frail. (-10% HP)


Message History

You feel agile.
You feel a sense of dread.
s - the +7 rapier of Recklessness (weapon)
{vamp, *Corrode rPois Dex+2}
Found a stone staircase leading down.
Found an emerald potion and 7 gold pieces.
Found a stone staircase leading up.
t - an emerald potion You now have 51 gold pieces (gained 7).
No target in view!
There is a stone staircase leading down here.
You climb downwards.
Found a hand axe and a tubular emerald ring.
Found a stone staircase leading up.
There is a stone staircase leading up here.
A water moccasin comes into view.
The water moccasin hisses angrily.
You closely miss the water moccasin. The water moccasin bites you!
Your corrosive artefact corrodes you!
You barely miss the water moccasin.
The water moccasin bites you but does no damage.
The water moccasin bites you.
You closely miss the water moccasin. The water moccasin misses you.
You closely miss the water moccasin. The water moccasin bites you.
The water moccasin bites you but does no damage.
You closely miss the water moccasin. The water moccasin bites you.
You puncture the water moccasin!
The water moccasin is moderately wounded.
The water moccasin bites you. The water moccasin bites you!
* * * LOW HITPOINT WARNING * * *
Okay, then.
Okay, then.
You barely miss the water moccasin. Your peck misses the water moccasin.
You punch the water moccasin, but do no damage.
The water moccasin is moderately wounded.
The water moccasin bites you but does no damage.
You closely miss the water moccasin. Your peck misses the water moccasin.
The water moccasin is moderately wounded.
The water moccasin bites you!
You die...
Fedhas appreciates your contribution to the ecosystem.

, * ......
,,.##*.. ......
#..#...* *
......##...#...
*
........)....=.
,
..#.........<..
, ,
...............
.......S...# *
,, , #....@...#
, * ##......##*
, ,
,...#.......#..#
, .......<.....#
, * *
...............
,
,..##.#.........
, , .
#######.#... , ,
* ,,, , ##... ,
, , ,.. ,


You could see a water moccasin.

Vanquished Creatures
  2 adders
  A worm (D:2)
  2 dart slugs (D:1)
  6 endoplasms
  2 giant cockroaches
  4 goblins
  4 hobgoblins
  6 jackals
  2 quokkas (D:1)
  A ball python (D:1)
  4 bats
  4 frilled lizards
  3 kobolds
  3 rats
44 creatures vanquished.

Notes
Turn   | Place    | Note
-------+----------+-------------------------------------------
     0 | D:1      | lesaewzxc the Meteoran Brigand began the quest for the Orb.
     0 | D:1      | Reached XP level 1. HP: 17/17 MP: 2/2
    58 | D:1      | Reached XP level 2. HP: 8/24 MP: 3/3
    67 | D:1      | HP: 1/25 [dart slug/slug dart (3)]
   227 | D:1      | Reached XP level 3. HP: 30/30 MP: 4/4
   500 | D:1      | Glimpsed the power of Zot.
   549 | D:1      | Glimpsed the power of Zot.
   589 | D:1      | Glimpsed the power of Zot.
   599 | D:1      | Touched by the power of Zot.
   631 | D:2      | Found Lafaok's Jewellery Shop.
   672 | D:2      | Reached skill level 1 in Axes
   674 | D:2      | Reached XP level 4. HP: 4/27 MP: 5/5
   685 | D:2      | Found a faded altar of an unknown god.
   693 | D:2      | Prayed at the altar of an unknown god.
   693 | D:2      | Became a worshipper of Fedhas Madash
   693 | D:2      | Reached * piety under Fedhas
   944 | D:2      | Gained mutation: Your flesh is heat resistant. (rF+)
                  | [potion of mutation]
   944 | D:2      | Gained mutation: You have a beak for a mouth. [potion of
                  | mutation]
   944 | D:2      | Gained mutation: You are frail. (-10% HP) [potion of
                  | mutation]
   944 | D:2      | Gained mutation: You have a pair of small antennae on your
                  | head. [potion of mutation]
  1050 | D:3      | Found an opulent altar of Gozag.
  1124 | D:3      | Identified the +7 rapier of Recklessness {vamp, *Corrode
                  | rPois Dex+2}
  1150 | D:4      | Noticed a water moccasin
  1160 | D:4      | Mangled by a water moccasin

Illustrated notes

Levels and vault maps discovered:
D:1:      psy_arrival_spokes, layout_basic
D:2:      layout_rooms, hellmonk_ecumenical_altar_dog_temple, serial_shops, shop
D:3:      layout_loops_ring, mainiacjoe_overflow_catwalk, serial_forest,
          infiniplex_forest_straight_3, infiniplex_forest_clump_small,
          infiniplex_forest_end_1, infiniplex_forest_straight_2,
          infiniplex_forest_clump_curved, infiniplex_forest_lined_room_,
          infiniplex_forest_lined_corner, infiniplex_forest_clump_small,
          kennysheep_cluttered_room, serial_bayou_lake_a
D:4:      layout_cave_pools

Skill      XL: |  1  2  3  4 |
---------------+-------------+-----
Stealth        | 3 |  3.2
Dodging        | 2 |  2.3
Throwing       | 3 |  3.0
Axes           | 1 |  1.8
Fighting       | 3 |  3.0
Short Blades   | |  2.4

Action                   |  1- 3 |  4- 6 || total
-------------------------+-------+-------++-------
Melee: Dagger            |    42 |       ||    42
       Hand axe          |    36 |    26 ||    62
       Punch             |     1 |     1 ||     2
       Rapier            |       |     8 ||     8
       Peck              |       |     2 ||     2
Throw: Dart              |       |     7 ||     7
  Use: Scroll            |     2 |     2 ||     4
       Potion            |     1 |     2 ||     3
Armor: Robe              |    16 |       ||    16
       Leather armour    |    35 |    14 ||    49
Dodge: Dodged            |    55 |    11 ||    66

Table legend: (Time is in decaauts)
 A = Elapsed time spent in this place.
 B = Non-inter-level travel time spent in this place.
 C = Inter-level travel time spent in this place.
 D = Time resting spent in this place.
 E = Time spent auto-exploring this place.
 F = Levels seen in this place.
 G = Mean time per level.
                   A        B        C        D        E       F      G
               +--------+--------+--------+--------+--------+-----+--------+
         Total |   1180 |   1046 |    134 |      0 |    210 |   4 |  295.0 |
       Dungeon |   1180 |   1046 |    134 |      0 |    210 |   4 |  295.0 |
               +--------+--------+--------+--------+--------+-----+--------+

Top non-repeatable levels by time:
     D:1: 631 daAuts
     D:2: 334 daAuts
     D:3: 202 daAuts
     D:4: 11 daAuts
